 Dungeon Crawl Stone Soup version 0.18.1-50-g88ac8fd (webtiles) character file.

8633 Naarciss the Cleaver (level 11, -7/97 HPs)
             Began as a Hill Orc Fighter on Sept 30, 2016.
             Was a High Priest of Okawaru.
             Mangled by a 13-headed hydra (9 damage)
             ... on level 3 of the Lair of Beasts.
             The game lasted 00:57:55 (10942 turns).

Naarciss the Cleaver (Hill Orc Fighter)            Turns: 10942, Time: 00:57:56

Health: -7/97      AC: 23    Str: 28    XL:     11   Next: 33%
Magic:  9/11       EV: 12    Int:  8    God:    Okawaru [*****.]
Gold:   575        SH: 18    Dex: 13    Spells: 0 memorised, 10 levels left

rFire  . . .     SeeInvis .     a - +1 war axe
rCold  . . .     Gourm    .     B - +0 plate armour
rNeg   . . .     Faith    .     c - +0 shield
rPois  .         Spirit   .     G - +0 helmet
rElec  .         Dismiss  .     k - +0 cloak
rCorr  .         Reflect  +     (no gloves)
SustAt .         Harm     .     D - +2 pair of boots {run}
MR     +....                    p - +3 amulet of reflection
Stlth  ..........               b - +3 ring of strength
                                x - ring of protection from magic

@: mighty, heroism, very slightly contaminated, invisible, quick, somewhat
resistant to hostile enchantments, extremely unstealthy
A: no striking features
a: Heroism, Finesse, Renounce Religion


You were on level 3 of the Lair of Beasts.
You worshipped Okawaru.
Okawaru was extremely pleased with you.
You were not hungry.

You visited 2 branches of the dungeon, and saw 11 of its levels.

You collected 575 gold pieces.

Inventory:

Hand Weapons
 a - a +1 war axe (weapon)
 K - the +1 mace "Qodu Gerroa" {crush, *Noise rC++ MP+9 Int+9}
   (You found it on level 1 of the Lair of Beasts)

   It inflicts extra damage upon your enemies.
   It affects your intelligence (+9).
   It greatly protects you from cold.
   It affects your magic capacity (+9).
   It may make noises in combat.
Missiles
 A - 8 tomahawks (quivered)
Armour
 c - a +0 shield (worn)
 k - a +0 cloak (worn)
 B - a +0 plate armour (worn)
 D - a +2 pair of boots of running (worn)
 G - a +0 helmet (worn)
Jewellery
 b - a +3 ring of strength (right hand)
 p - a +3 amulet of reflection (around neck)
 t - an uncursed ring of see invisible
 x - a ring of protection from magic (left hand)
Wands
 d - a wand of lightning (6/15)
 w - a wand of iceblast (13/15)
 y - a wand of iceblast (10/15)
 E - a wand of lightning (8/15)
Scrolls
 h - 3 scrolls of remove curse
 l - 3 scrolls of magic mapping
 n - 4 scrolls of amnesia
 o - 2 scrolls of recharging
 v - 3 scrolls of teleportation
 H - 2 scrolls of noise
 L - a scroll of enchant weapon
 M - a scroll of fog
 N - a scroll of fear
Potions
 e - 3 potions of haste
 m - 3 potions of lignification
 q - a potion of brilliance
 r - 3 potions of mutation
 u - a potion of magic
 I - 2 potions of agility
Books
 g - a book of Callings

   Spells                             Type                      Level
   a - Summon Small Mammal            Summoning                    1
   b - Call Imp                       Summoning                    2
   c - Call Canine Familiar           Summoning                    3
   d - Summon Guardian Golem          Hexes/Summoning              3
   e - Summon Lightning Spire         Summoning/Air                4
   f - Summon Ice Beast               Ice/Summoning                4
 z - a book of Minor Magic

   Spells                             Type                      Level
   a - Magic Dart                     Conjuration                  1
   b - Blink                          Translocation                2
   c - Call Imp                       Summoning                    2
   d - Repel Missiles                 Charms/Air                   2
   e - Slow                           Hexes                        2
   f - Conjure Flame                  Conjuration/Fire             3
   g - Mephitic Cloud                 Conjuration/Poison/Air       3
 F - a book of Conjurations

   Spells                             Type                      Level
   a - Magic Dart                     Conjuration                  1
   b - Searing Ray                    Conjuration                  2
   c - Dazzling Spray                 Conjuration/Hexes            3
   d - Fulminant Prism                Conjuration/Hexes            4
   e - Iskenderun's Mystic Blast      Conjuration                  4
   f - Iskenderun's Battlesphere      Conjuration/Charms           5
Comestibles
 f - 6 bread rations
 j - 7 slices of pizza
 s - 3 meat rations
 C - 4 beef jerkies
 J - a royal jelly


   Skills:
 + Level 9.6(14.6) Fighting
 + Level 11.3(16.3) Axes
 + Level 9.0(14.0) Armour
 + Level 3.1(8.1) Dodging
 + Level 1.7(6.7) Stealth
 + Level 11.0(16.0) Shields
 + Level 1.0 Invocations
 + Level 0.2 Evocations


You had 10 spell levels left.
You didn't know any spells.

Dungeon Overview and Level Annotations

Branches:
Dungeon (8/15)             Temple (0/1) D:4            Lair (3/8) D:8
  Swamp: Lair:3-6    Shoals: Lair:3-6     Snake: Lair:3-6    Spider: Lair:3-6

Altars:
Cheibriados
Kikubaaqudgha
Makhleb
Nemelex Xobeh
Okawaru
Pakellas
Qazlal
Sif Muna
Trog
Zin

Shops:
D:7 =


Message History

You block the 11-headed hydra's attack. The 11-headed hydra barely misses you.
The 11-headed hydra bites you.
* * * LOW HITPOINT WARNING * * *
The 11-headed hydra bites you but does no damage.
You catch the helpless 11-headed hydra completely off-guard!
You hack one of the 11-headed hydra's heads off!
The ten-headed hydra grows two more!
You slice the 12-headed hydra!!
The 12-headed hydra is heavily wounded.
You lop one of the 12-headed hydra's heads off!
The 11-headed hydra grows two more!
You slice the 13-headed hydra!!
The 13-headed hydra is heavily wounded.
You catch the helpless river rat completely off-guard!
You slash the river rat!
You kill the river rat!
Okawaru accepts your kill.
The 13-headed hydra bites you but does no damage. x2
You block the 13-headed hydra's attack.
The 13-headed hydra bites you but does no damage.
The 13-headed hydra bites you!
You die...

..... ... ##.. ......
#+.+# #... ......# #.8.#
##.. ....... ###...###
###. .......##.......##
#...
......#..........####...
.........††........#....
.....#D†.##......††#....
. #.†@.##.8..#........
#..###....####†..#..
#... #.....##.......
..<.8 ....<..###8.>...
...#.....#.....# #...#..
P..#...###.....# #....##
# .#.. ##.8.#. ...#.#
#..#. ..####


You could see a 13-headed hydra.

Vanquished Creatures
  The ghost of Nordron the Transmogrifier, a novice NaTm (D:7)
  The ghost of Rexou the Archer, a novice HEAM (D:8)
  A black mamba (Lair:1)
  3 spiny frogs
  5 blink frogs (Lair:1)
  A human (D:7)
  A hog (D:7)
  3 hippogriffs
  4 water moccasins
  A porcupine (Lair:1)
  A sky beast (D:6)
  A black bear (D:6)
  4 orc warriors
  An ice beast (D:8)
  3 centaurs
  5 ogres
  7 wolves
  A crocodile (Lair:3)
  A big kobold (D:8)
  A giant frog (Lair:3)
  A gnoll sergeant (D:5)
  3 scorpions
  A wyvern skeleton (D:6)
  3 wights (D:8)
  3 killer bees (D:8)
  A giant frog zombie (D:5)
  A crimson imp (D:5)
  A jelly (D:7)
  4 orc priests
  5 hounds
  9 orc wizards
  A centaur skeleton (D:4)
  A gnoll shaman (D:5)
  5 iguanas
  8 worker ants
  2 killer bee zombies (D:7)
  7 sheep
  A worker ant zombie (D:5)
  9 adders
  13 gnolls
  20 river rats
  2 shadow imps
  An ooze (D:1)
  An adder skeleton (D:7)
  A worm (D:5)
  2 dart slugs
  8 giant geckos
  33 orcs
  2 ball pythons
  8 giant cockroaches
  8 hobgoblins
  10 jackals
  21 kobolds
  2 quokkas (D:5)
  10 bats
  3 giant gecko skeletons
  3 giant newts
  4 goblins
  A quokka skeleton (D:5)
  6 rats
271 creatures vanquished.

Vanquished Creatures (others)
  3 fungi (D:8)
  2 plants (D:8)
5 creatures vanquished.

Grand Total: 276 creatures vanquished

Notes
Turn   | Place    | Note
--------------------------------------------------------------
     0 | D:1      | Naarciss the Hill Orc Fighter began the quest for the Orb.
     0 | D:1      | Reached XP level 1. HP: 19/19 MP: 1/1
   274 | D:1      | Reached XP level 2. HP: 27/27 MP: 2/2
   710 | D:1      | Reached XP level 3. HP: 33/33 MP: 3/3
  1374 | D:2      | Reached XP level 4. HP: 23/40 MP: 4/4
  1578 | D:2      | Found a faded altar to an unknown god.
  1742 | D:2      | Found a deep blue altar of Sif Muna.
  2382 | D:3      | Found a burning altar of Makhleb.
  2673 | D:3      | Reached XP level 5. HP: 39/47 MP: 5/5
  2817 | D:3      | Reached skill level 1 in Dodging
  3004 | D:4      | Found an iron altar of Okawaru.
  3013 | D:4      | Became a worshipper of Warmaster Okawaru
  3149 | D:4      | Got an ichor-stained quarterstaff
  3173 | D:4      | Found a staircase to the Ecumenical Temple.
  3280 | D:4      | Noticed an ogre
  3292 | D:4      | Killed an ogre
  3292 | D:4      | Reached XP level 6. HP: 37/53 MP: 6/6
  3690 | D:5      | Entered Level 5 of the Dungeon
  3695 | D:5      | Reached skill level 5 in Shields
  3735 | D:5      | Reached skill level 5 in Armour
  3737 | D:5      | Reached * piety under Okawaru
  3748 | D:5      | Reached XP level 7. HP: 46/60 MP: 7/7
  4041 | D:5      | Found an oddly glowing altar of Pakellas.
  4058 | D:5      | Reached skill level 5 in Fighting
  4071 | D:5      | Reached skill level 5 in Axes
  4753 | D:5      | Found a glowing silver altar of Zin.
  4753 | D:5      | Found an ancient bone altar of Kikubaaqudgha.
  4964 | D:6      | Reached XP level 8. HP: 30/70 MP: 8/8
  5107 | D:6      | Reached ** piety under Okawaru
  6143 | D:7      | Reached skill level 1 in Stealth
  6168 | D:7      | Noticed Nordron's ghost (novice NaTm)
  6200 | D:7      | Killed Nordron's ghost
  6200 | D:7      | Reached *** piety under Okawaru
  6200 | D:7      | Reached XP level 9. HP: 54/78 MP: 9/9
  6331 | D:7      | Found a snail-covered altar of Cheibriados.
  6917 | D:7      | Found Kiov's Jewellery Shoppe.
  7069 | D:7      | Found a sparkling altar of Nemelex Xobeh.
  7594 | D:7      | Reached **** piety under Okawaru
  7859 | D:7      | Found a stormy altar of Qazlal.
  7860 | D:7      | Found a bloodstained altar of Trog.
  7917 | D:8      | Noticed Rexou's ghost (novice HEAM)
  7939 | D:8      | Killed Rexou's ghost
  7939 | D:8      | Reached skill level 1 in Invocations
  7939 | D:8      | Reached XP level 10. HP: 5/88 MP: 8/10
  8634 | D:8      | Found a staircase to the Lair.
  8994 | Lair:1   | Entered Level 1 of the Lair of Beasts
  9026 | Lair:1   | Noticed a spiny frog
  9037 | Lair:1   | Killed a spiny frog
  9037 | Lair:1   | Reached ***** piety under Okawaru
  9037 | Lair:1   | Reached skill level 10 in Axes
  9213 | Lair:1   | Noticed a black mamba
  9218 | Lair:1   | Killed a black mamba
  9218 | Lair:1   | Reached skill level 10 in Shields
  9280 | Lair:1   | Received a gift from Okawaru
  9611 | Lair:1   | Identified a +2 pair of boots of running (Okawaru gifted it to you on level 1 of the Lair of Beasts)
  9648 | Lair:1   | Reached XP level 11. HP: 87/97 MP: 11/11
  9935 | Lair:1   | Got a smoking mace
  9936 | Lair:1   | Identified the cursed +1 mace "Qodu Gerroa" {crush, *Noise rC++ MP+9 Int+9} (You found it on level 1 of the Lair of Beasts)
 10921 | Lair:3   | Noticed a five-headed hydra
 10939 | Lair:3   | HP: 4/97 [ten-headed hydra (9)]
 10942 | Lair:3   | Mangled by a 13-headed hydra

Skill      XL: |  1  2  3  4  5  6  7  8  9 10 11 |
---------------+----------------------------------+-----
Axes           | 3 4 5 7 9 10 11 | 11.3
Fighting       | 4 5 6 7 9 |  9.6
Shields        | 4 5 6 7 9 10 11 | 11.0
Armour         | 4 5 6 7 8 9 |  9.0
Dodging        | 1 2 3 |  3.1
Stealth        | 1 |  1.7
Invocations    | 1 |  1.0
Evocations     | |  0.2

Action                   |  1- 3 |  4- 6 |  7- 9 | 10-12 || total
-------------------------+-------+-------+-------+-------++-------
Melee: War axe           |   114 |   190 |   431 |   322 ||  1057
Invok: Heroism           |       |       |     3 |     1 ||     4
Evoke: Wand              |       |       |     2 |     3 ||     5
  Use: Scroll            |       |    13 |     8 |     4 ||    25
       Potion            |       |       |    10 |     2 ||    12
 Stab: Invisible         |       |       |     1 |     7 ||     8
  Eat: Fruit             |     3 |       |       |     8 ||    11
       Royal jelly       |     1 |       |       |       ||     1
       Beef jerky        |       |     2 |       |       ||     2
       Pizza             |       |     1 |     1 |       ||     2
       Bread ration      |       |       |     4 |       ||     4
Armor: Scale mail        |    65 |    42 |       |       ||   107
       Chain mail        |       |    86 |   123 |       ||   209
       Plate armour      |       |       |    55 |   171 ||   226
Dodge: Dodged            |    31 |    51 |    91 |    83 ||   256
Block: Shield            |    67 |   127 |   302 |   326 ||   822
       Reflection        |       |       |     6 |     9 ||    15
